 Dungeon Crawl Stone Soup version 0.30.0-10-gfe55d96785 (webtiles) character file.

Game seed: 14096615084807675332

1359 RascalDebosk the Magician (level 8, -3/59 HPs)
             Began as a Djinni Fire Elementalist on May 15, 2023.
             Was an Initiate of Ashenzari.
             Killed from afar by a white imp (4 damage)
             ... with a puff of frost
             ... on level 6 of the Dungeon.
             The game lasted 00:27:03 (5127 turns).

RascalDebosk the Magician (DjFE)                    Turns: 5127, Time: 00:27:03

Health: -3/59      AC: 10    Str: 13    XL:     8   Next: 96%
Gold:   289        EV: 10    Int: 18    God:    Ashenzari [......] SH:  0 Dex: 15

rFire   + + .        s - +1 dagger (drain)
rCold   . . .        (no shield)
rNeg    . . .        n - +2 scale mail {rC+}
rPois   ∞            e - +0 helmet
rElec   .            (no cloak)
rCorr   .            (no gloves)
SInv    .            (boots unavailable)
Will    .....        (no amulet)
Stlth   +            z - +6 ring of strength
HPRegen 0.29/turn    (no ring)
MPRegen 0.00/turn

%: infuse magic (-4 HP)
@: flying
A: sickness immunity, fire resistance 2, cold vulnerability 1, float, innate
caster, HP casting, extra vitality 1
a: Renounce Religion


You were on level 6 of the Dungeon.
You worshipped Ashenzari.
Ashenzari was noncommittal.
You visited 2 branches of the dungeon, and saw 7 of its levels.
You also visited: Sewer.

You collected 289 gold pieces.

Inventory:

Hand Weapons
 f - a +0 short sword
 s - a +1 dagger of draining (weapon)
Armour
 a - a +0 robe
 e - a +0 helmet (worn)
 n - a +2 scale mail of cold resistance (worn)
Jewellery
 z - a +6 ring of strength (left hand)
Wands
 m - a wand of polymorph (9)
 r - a wand of flame (12)
Scrolls
 g - 3 scrolls of enchant armour {unknown}
 h - a scroll of amnesia {unknown}
 i - 7 scrolls of identify {unknown}
 l - a scroll of teleportation {unknown}
 o - 2 scrolls of immolation {unknown}
 p - a scroll of fear {unknown}
 q - 3 scrolls of magic mapping {unknown}
 t - 2 scrolls of torment {unknown}
 y - a scroll of vulnerability {unknown}
Potions
 b - a potion of ambrosia {unknown}
 c - a potion of haste {unknown}
 d - 3 potions of might {unknown}
 j - 4 potions of attraction {unknown}
 k - 4 potions of curing
 u - a potion of brilliance {unknown}
 v - a potion of resistance {unknown}
 w - a potion of mutation {unknown}
 x - a potion of degeneration {unknown}
 A - a potion of lignification {unknown}
 B - a potion of magic {unknown}


   Skills:
 * Level 5.3 Fighting
 + Level 1.4 Short Blades
 + Level 3.5 Armour
 - Level 4.0 Dodging
 - Level 1.5 Stealth
 * Level 5.7 Spellcasting


You knew the following spells:

 Your Spells              Type           Power      Damage    Failure   Level
a - Foxfire               Conj/Fire      100%       2x1d9     4%          1
b - Scorch                Fire           52%        2d7       8%          2
c - Volatile Blastmotes   Fire/Tloc      52%        2d14      16%         3
d - Inner Flame           Hex/Fire       26%        N/A       16%         3
e - Flame Wave            Conj/Fire      26%        2d8       45%         4
f - Summon Small Mammal   Summ           100%       N/A       4%          1
g - Ensorcelled Hibernat  Hex/Ice        52%        N/A       8%          2
h - Lesser Beckoning      Tloc           52%        N/A       8%          2
Your spell library was empty.

Dungeon Overview and Level Annotations

Branches:
Dungeon (6/15)             Temple (1/1) D:4           Sewer (visited)

Altars:
Ashenzari
Elyvilon
Fedhas
Hepliaklqana
Makhleb
Nemelex Xobeh
Okawaru
Ru
Trog
Wu Jian
Xom
Yredelemnul
Zin
The Shining One


Innate Abilities, Weirdness & Mutations

You are immune to sickness and miasma.
You are immune to poison.
Your flesh is very heat resistant. (rF++)
You are vulnerable to cold. (rC-)
You float through the air rather than walking.
You learn spells naturally, not from books.
Your magical power is your life essence.
You have superior vitality. (+4 MHP)


Message History

Flames lash the gnoll.
The gnoll is heavily wounded.
The gnoll's fire resistance burns away.
* * * LOW HITPOINT WARNING * * *
The gnoll hits you with a +0 club.
* * * LOW HITPOINT WARNING * * *
Casting: Scorch (safe; 8% risk of failure)
Confirm with . or Enter, or press ? or * to list all spells.
Flames lash the gnoll.
The gnoll is burned terribly!
You kill the gnoll!
* * * LOW HITPOINT WARNING * * *
A white imp comes into view. x2
The white imp disappears for a moment.
Casting: Scorch (safe; 8% risk of failure)
Confirm with . or Enter, or press ? or * to list all spells.
A cloud of volatile blastmotes flares up around you!
* * * LOW HITPOINT WARNING * * *
The cloud of blastmotes explodes!
The concussive blast engulfs the gnoll!
The gnoll is almost dead.
You hear an angry hiss.
There is an open door here.
Casting: Volatile Blastmotes (dangerous; 16% risk of failure)
Confirm with . or Enter, or press ? or * to list all spells.
A cloud of volatile blastmotes flares up around you!
* * * LOW HITPOINT WARNING * * *
The cloud of blastmotes explodes!
The concussive blast engulfs the gnoll!
You kill the gnoll!
You reach down and open the door.
The white imp gestures at you. The puff of frost hits you!
* * * LOW HITPOINT WARNING * * *
There is an open door here.
Casting: Volatile Blastmotes (dangerous; 16% risk of failure)
Confirm with . or Enter, or press ? or * to list all spells.
A cloud of volatile blastmotes flares up around you!
* * * LOW HITPOINT WARNING * * *
The white imp gestures at you. The puff of frost hits you.
* * * LOW HITPOINT WARNING * * *
The white imp gestures at you. The puff of frost hits you.
* * * LOW HITPOINT WARNING * * *
You start resting.
A white imp is nearby!
You reach down and open the door.
The cloud of blastmotes explodes!
The concussive blast engulfs the white imp!
The white imp is burned terribly!
The white imp is severely wounded.
You hear an angry hiss.
There is an open door here.
Casting: Volatile Blastmotes (dangerous; 16% risk of failure)
Confirm with . or Enter, or press ? or * to list all spells.
You conjure some foxfire!
* * * LOW HITPOINT WARNING * * *
Casting: Foxfire (safe; 4% risk of failure)
Confirm with . or Enter, or press ? or * to list all spells.
You conjure some foxfire!
* * * LOW HITPOINT WARNING * * *
The foxfire hits the white imp.
The white imp is burned terribly!
You kill the white imp!
The foxfire hits the white imp but does no damage.
Casting: Foxfire (safe; 4% risk of failure)
Confirm with . or Enter, or press ? or * to list all spells.
You conjure some foxfire!
* * * LOW HITPOINT WARNING * * *
The foxfire hits the white imp.
The white imp is burned terribly!
The white imp is heavily wounded.
The foxfire hits the white imp.
The white imp is heavily wounded.
Your foxfire dissipates!
Casting: Foxfire (safe; 4% risk of failure)
Confirm with . or Enter, or press ? or * to list all spells.
You conjure some foxfire!
* * * LOW HITPOINT WARNING * * *
There is an open door here.
Your foxfire dissipates!
You see here a +0 hand axe.
An iguana comes into view.
The iguana hisses angrily.
Things that are here:
a +0 short sword; a +0 leather armour
Casting: Foxfire (safe; 4% risk of failure)
Confirm with . or Enter, or press ? or * to list all spells.
Flames lash the iguana.
The iguana is lightly wounded.
The iguana's fire resistance burns away.
* * * LOW HITPOINT WARNING * * *
The iguana bites you but does no damage.
You reach down and open the door.
The white imp gestures at you. The puff of frost misses you.
The iguana barely misses you.
Unknown command.
There is an open door here.
Casting: Scorch (safe; 8% risk of failure)
Confirm with . or Enter, or press ? or * to list all spells.
You conjure some foxfire!
* * * LOW HITPOINT WARNING * * *
The white imp gestures at you. The puff of frost hits you.
You die...

###### .............5
.....
###+###+###+######....g..
##### #..#.....§.#..#
#.####..
###..#....§..#..####.# ###
##.†..'###'###'..+..#5#
#..#..#.+...5)#..##...#
####.##..#.#..)#)#..#..#.#
#.....+##+.#.v.#)'##55##.#
###....##
#.#.v@#.#..###... .......#
#.'...l.#..# ....
........+ +###+###+..+
...## .......## #..# ....#
.......# #..# +## ...#...#
+### ..####.). ..# ####
..#


You could see an iguana (ally target) and a white imp (ally target).

Vanquished Creatures
  Grinder (D:4)
  A steam dragon (D:6)
  A water moccasin (D:5)
  An orc warrior (D:4)
  An ogre (D:5)
  2 kobold brigands (Sewer)
  A bullfrog (D:6)
  A scorpion (D:5)
  A jelly (D:4)
  3 hounds (D:5)
  An orc priest (D:4)
  A gnoll bouda (D:6)
  2 iguanas (D:5)
  3 orc wizards
  Terence (D:2)
  Robin (D:3)
  4 gnolls (D:6)
  2 adders
  2 river rats (Sewer)
  A white imp (D:6)
  2 worms
  A dart slug (D:2)
  8 orcs
  3 ball pythons
  An endoplasm (D:4)
  5 giant cockroaches
  9 goblins
  15 hobgoblins
  A jackal (Sewer)
  8 quokkas
  6 bats
  7 frilled lizards
  4 kobolds
  7 rats
108 creatures vanquished.

Vanquished Creatures (others)
  307 foxfires
307 creatures vanquished.

Grand Total: 415 creatures vanquished

Notes
Turn   | Place    | Note
-------+----------+-------------------------------------------
     0 | D:1      | RascalDebosk the Djinni Fire Elementalist began the quest
                  | for the Orb.
     0 | D:1      | RascalDebosk set off with the following spells memorised:
                  | Foxfire, Scorch, Volatile Blastmotes, Inner Flame, Flame
                  | Wave.
     0 | D:1      | Reached XP level 1. HP: 15/15 MP: 0/0
     6 | D:1      | Noticed a black mamba
     6 | D:1      | Noticed a wolf
     7 | D:1      | Noticed a wyvern
   272 | D:1      | Reached XP level 2. HP: 17/21 MP: 0/0
   527 | D:1      | You are sucked into a shaft and drop 1 floor!
   859 | D:2      | Reached XP level 3. HP: 22/25 MP: 0/0
   859 | D:2      | Learned a level 1 spell: Summon Small Mammal
  1110 | D:2      | Noticed Terence
  1120 | D:2      | Killed Terence
  1121 | D:2      | Reached XP level 4. HP: 28/31 MP: 0/0
  1578 | D:3      | Found a sacrificial altar of Ru.
  1621 | D:3      | Found a white marble altar of Elyvilon.
  1872 | D:3      | Noticed Robin
  1944 | D:3      | Killed Robin
  1945 | D:3      | Reached XP level 5. HP: 24/36 MP: 0/0
  1945 | D:3      | Learned a level 2 spell: Ensorcelled Hibernation
  2317 | D:4      | Found a basalt altar of Yredelemnul.
  2344 | D:4      | Found a hazy altar of Hepliaklqana.
  2352 | D:4      | Found a glowing drain.
  2366 | Sewer    | Entered a sewer
  2369 | Sewer    | Reached skill level 1 in Fighting
  2514 | Sewer    | Noticed a kobold brigand
  2519 | Sewer    | Killed a kobold brigand
  2520 | Sewer    | Reached skill level 1 in Armour
  2520 | Sewer    | Reached XP level 6. HP: 36/43 MP: 0/0
  2581 | Sewer    | Found a white marble altar of Elyvilon.
  3050 | D:4      | Noticed Grinder
  3056 | D:4      | Killed Grinder
  3057 | D:4      | Reached XP level 7. HP: 36/50 MP: 0/0
  3057 | D:4      | Learned a level 2 spell: Lesser Beckoning
  3212 | D:4      | Reached skill level 5 in Spellcasting
  3461 | D:4      | Found a staircase to the Ecumenical Temple.
  3467 | Temple   | Entered the Ecumenical Temple
  3705 | D:5      | Entered Level 5 of the Dungeon
  3735 | D:5      | Reached XP level 8. HP: 24/58 MP: 0/0
  4644 | D:6      | Reached skill level 5 in Fighting
  4644 | D:6      | Reached skill level 1 in Short Blades
  4887 | D:6      | Found a broken altar of Ashenzari.
  4891 | D:6      | Became a worshipper of Ashenzari the Shackled
  5106 | D:6      | HP: 2/59 [white imp/puff of frost (4)]
  5127 | D:6      | Killed from afar by a white imp

Illustrated notes

Levels and vault maps discovered:
D:1:      onia_arrival_zoo_common, layout_basic,
          shapermc_ecumenical_altar_rom_forum, hangedman_decor_lopped,
          columned_hall_lemuel
D:2:      layout_loops_ring, minmay_puff, uniq_terence
D:3:      layout_basic, nicolae_elyvilon_peaceful_grove,
          mainiacjoe_overflow_brackets, grunt_ministairs_15, uniq_robin
D:4:      layout_basic, general_overflow_altar, mainiacjoe_overflow_catwalk,
          minmay_temple_entry_enclosed_plants, portal_sewer_entry_f,
          uniq_grinder
D:5:      layout_basic, serial_bayou_pond_e
D:6:      layout_basic, mainiacjoe_overflow_24_doors, minmay_holes
Temple:   minmay_temple_curvy_loop

Skill      XL: |  1  2  3  4  5  6  7  8 |
---------------+-------------------------+-----
Spellcasting   | 3 4 5 |  5.7
Fighting       | 1 3 5 |  5.3
Armour         | 1 2 3 |  3.5
Dodging        | 3 4 |  4.0
Short Blades   | 1 |  1.4
Stealth        | |  1.5

Action                     |  1- 3 |  4- 6 |  7- 9 || total
---------------------------+-------+-------+-------++-------
  Melee: Short sword       |     1 |     7 |       ||     8
         Dagger            |       |     1 |    15 ||    16
   Cast: Foxfire           |    49 |   113 |    32 ||   194
         Scorch            |     7 |    21 |    28 ||    56
         Flame Wave        |       |       |     4 ||     4
         Ensorcelled Hiber |       |       |     5 ||     5
         Volatile Blastmot |       |       |     3 ||     3
         Inner Flame       |       |       |     2 ||     2
         Summon Small Mamm |       |       |     1 ||     1
    Use: Potion            |       |       |     1 ||     1
   Stab: Sleeping          |     1 |       |     2 ||     3
 Armour: Robe              |     4 |     4 |       ||     8
         Skin              |       |       |     1 ||     1
         Scale mail        |       |       |    22 ||    22
  Dodge: Dodged            |     9 |     8 |    26 ||    43
